[Event "*** Titled Tuesday Blitz"]
[Site "Chess.com"]
[Date "2019.06.04"]
[Round "6"]
[White "bugsbunny444"]
[Black "DiogenesSinopeus"]
[Result "1-0"]
[WhiteElo "2489"]
[BlackElo "2418"]
[TimeControl "180+2"]
[EndTime "14:16:22 PDT"]
[Termination "bugsbunny444 won by resignation"]

1. Nf3 Nf6 2. c4 e6 3. g3 a6 4. Bg2 b5 5. b3 c5 6. Nc3 Qb6 7. O-O Bb7 8. e3 Be7 9. Qe2 Ne4 10. Nxe4 Bxe4 11. d3 Bb7 12. e4 d6 13. Bg5 Bxg5 14.
Nxg5 O-O 15. f4 Nc6 16. f5 exf5 17. Rxf5 Nd4 18. Qh5 h6 19. Rxf7 hxg5 20. Raf1 d5 21. exd5 Rxf7 22. Qxf7+ Kh8 23. Be4 Qd6 24. Qxb7 Re8 25.
Qf7 1-0

[Event "*** Titled Tuesday Blitz"]
[Site "Chess.com"]
[Date "2019.06.04"]
[Round "6"]
[White "Muracle"]
[Black "severomorskij"]
[Result "0-1"]
[WhiteElo "2556"]
[BlackElo "2795"]
[TimeControl "180+2"]
[EndTime "14:16:28 PDT"]
[Termination "severomorskij won by resignation"]

1. Nf3 c5 2. g3 Nc6 3. d4 cxd4 4. Nxd4 g6 5. Bg2 Bg7 6. Nb3 Nf6 7. O-O O-O 8. c4 d6 9. Nc3 Be6 10. c5 d5 11. Bf4 Qd7 12. Re1 Rad8 13. Nb5 Bh3 14. Bh1 a6 15. N5d4 Nh5 16. Bg5 h6 17. Nxc6 bxc6 18.
Bd2 e5 19. Rc1 f5 20. Na5 e4 21. b4 f4 22. Bc3 fxg3 23. hxg3 e3 24. fxe3 Qg4 0-1

[Event "*** Titled Tuesday Blitz"]
[Site "Chess.com"]
[Date "2019.06.04"]
[Round "6"]
[White "VerdeNotte"]
[Black "gemarin"]
[Result "1-0"]
[WhiteElo "2762"]
[BlackElo "2055"]
[TimeControl "180+2"]
[EndTime "14:16:29 PDT"]
[Termination "VerdeNotte won on time"]

1. e4 c5 2. Nf3 Nc6 3. b4 Nxb4 4. c3 Nc6 5. d4 cxd4 6. cxd4 d5 7. exd5 Qxd5 8.
Nc3 Qa5 9. Bd2 e6 10. Bb5 Bd7 11. d5 exd5 12. Nxd5 Qd8 13. O-O Be6 14. Nf4 Nf6 15. Nxe6 fxe6 16. Ng5 Qd5 17. Nxe6 Bd6 18. Re1 Kf7 19.
Ng5+ Kg8 20. Qa4 Ne5 21. Rxe5 Bxe5 22. Bc4 Bxa1 23. Bxd5+ Nxd5 24. Qd7 1-0

[Event "*** Titled Tuesday Blitz"]
[Site "Chess.com"]
[Date "2019.06.04"]
[Round "6"]
[White "Michael_Scofield01"]
[Black "Sanan_Sjugirov"]
[Result "1-0"]
[WhiteElo "2748"]
[BlackElo "2843"]
[TimeControl "180+2"]
[EndTime "14:16:39 PDT"]
[Termination "Michael_Scofield01 won by resignation"]

1. e4 c5 2. Nf3 d6 3. d4 cxd4 4. Nxd4 Nf6 5. Nc3 a6 6. Bc4 e6 7. Bb3 b5 8. O-O Be7 9. Qf3 Qb6 10. Be3 Qb7 11. Qg3 O-O 12. Bh6 Ne8 13. Rfe1 b4 14.
Nd5 exd5 15. Bxd5 Qa7 16. Be3 Nc7 17. Nf3 Nxd5 18. Bxa7 Rxa7 19. exd5 Rd8 20. Re3 Bf8 21. Rae1 Nd7 22. Nd4 Ne5 23. Rxe5 dxe5 24. Nc6 1-0

[Event "*** Titled Tuesday Blitz"]
[Site "Chess.com"]
[Date "2019.06.04"]
[Round "6"]
[White "albi1999"]
[Black "Denis_Palkovich"]
[Result "1-0"]
[WhiteElo "2449"]
[BlackElo "2219"]
[TimeControl "180+2"]
[EndTime "14:16:51 PDT"]
[Termination "albi1999 won by resignation"]

1. d4 d5 2. c4 Bf5 3. cxd5 Bxb1 4. Qa4+ Qd7 5. Qxd7+ Nxd7 6. Rxb1 Ngf6 7. f3 Nxd5 8.
e4 N5b6 9. Be3 g6 10. Rc1 c6 11. Ne2 Bg7 12. Kf2 O-O 13. Nc3 Rad8 14. Be2 e6 15.
Rhd1 f5 16. Kg1 e5 17. d5 cxd5 18. exd5 Nf6 19. Bc5 Rf7 20. d6 Nfd7 21. Ba3 Kh8 22. Nb5 a6 23. Nc7 h6 24. Ne6 Re8 25. Nxg7 Kxg7 26.
Rc7 Kf6 27. Rxb7 Ke6 28. Bxa6 Nc8 29. Bc4+ Kf6 30. Bxf7 Kxf7 31. Rxd7+ 1-0

[Event "*** Titled Tuesday Blitz"]
[Site "Chess.com"]
[Date "2019.06.04"]
[Round "6"]
[White "Anaiy"]
[Black "aa175"]
[Result "0-1"]
[WhiteElo "1973"]
[BlackElo "2011"]
[TimeControl "180+2"]
[EndTime "14:16:56 PDT"]
[Termination "aa175 won by checkmate"]

1. d4 Nf6 2. c4 g6 3. Nc3 d5 4.
cxd5 Nxd5 5. e4 Nxc3 6. bxc3 Bg7 7. Be3 O-O 8. Qd2 c5 9. Rc1 cxd4 10. cxd4 Nc6 11. Nf3 Bg4 12. d5 Ne5 13. Nxe5 Bxe5 14. h3 Bd7 15. Be2 Rc8 16. O-O Rxc1 17. Rxc1 f5 18. f4 Bc7 19. e5 Bb6 20. Kh2 e6 21. d6 Bc6 22. Bc4 Qd7 23. Bxb6 axb6 24. Qb4 b5 25.
Be2 Ra8 26. Rb1 Rxa2 27. Bxb5 Rxg2+ 28. Kh1 Rb2+ 29. Bxc6 Qxc6+ 30. Kg1 Qg2# 0-1

[Event "*** Titled Tuesday Blitz"]
[Site "Chess.com"]
[Date "2019.06.04"]
[Round "6"]
[White "Barcelona_Guy"]
[Black "SaraciNderim"]
[Result "0-1"]
[WhiteElo "2685"]
[BlackElo "2866"]
[TimeControl "180+2"]
[EndTime "14:16:58 PDT"]
[Termination "SaraciNderim won by resignation"]

1. d4 Nf6 2. c4 e6 3. Nf3 d5 4.
Nc3 Be7 5. Bf4 O-O 6. e3 dxc4 7. Bxc4 c5 8. O-O Nc6 9. Qe2 cxd4 10. Rfd1 Nh5 11.
Be5 Nxe5 12. Nxe5 Nf6 13. exd4 Bb4 14. d5 Qe7 15. a3 Bd6 16. Re1 exd5 17. Nxd5 Nxd5 18.
Bxd5 Be6 19. Qf3 Bxd5 20. Qxd5 Bxe5 21. Rxe5 Qf6 22. Rae1 Rad8 23. Qxb7 Qxe5 0-1

[Event "*** Titled Tuesday Blitz"]
[Site "Chess.com"]
[Date "2019.06.04"]
[Round "6"]
[White "sergeikim"]
[Black "ristingho"]
[Result "1-0"]
[WhiteElo "2401"]
[BlackElo "2493"]
[TimeControl "180+2"]
[EndTime "14:17:01 PDT"]
[Termination "sergeikim won by resignation"]

1. d4 Nf6 2. c4 c5 3. d5 b5 4. cxb5 a6 5. b6 e6 6. Nc3 Nxd5 7. Nxd5 exd5 8. Qxd5 Nc6 9. e4 Be7 10.
Bc4 O-O 11. Nf3 Qxb6 12. O-O d6 13. Qh5 Be6 14. Bd3 Ne5 15. Nxe5 dxe5 16. Qxe5 Bf6 17. Qh5 Rfd8 18. Bc2 g6 19. Qf3 Bd4 20. h4 h5 21. Qg3 Bc4 22. Re1 Qa5 23. Bg5 Re8 24. e5 Bxb2 25. Rad1 Qc3 26. Qf4 Rxe5 27. Rxe5 Qxe5 28. Qxc4 Re8 29. Bxg6 1-0

[Event "*** Titled Tuesday Blitz"]
[Site "Chess.com"]
[Date "2019.06.04"]
[Round "6"]
[White "SamCopeland"]
[Black "NM2019"]
[Result "1-0"]
[WhiteElo "2111"]
[BlackElo "2109"]
[TimeControl "180+2"]
[EndTime "14:17:04 PDT"]
[Termination "SamCopeland won by resignation"]

1. e4 c5 2. Nf3 d6 3. d4 cxd4 4. Nxd4 Nf6 5. Nc3 a6 6. Bg5 e5 7.
Nf5 Bxf5 8. Bxf6 Qxf6 9. Nd5 Qd8 10. exf5 Nd7 11. Bc4 Rc8 12. Bb3 Nf6 13. Qf3 e4 14. Nxf6+ Qxf6 15. Qxe4+ Be7 16. Qxb7 Qe5+ 17. Kf1 Qxf5 18.
Re1 Qb5+ 19. Qxb5+ axb5 20. f3 f5 21. Re2 Kd8 22. Kf2 Bf6 23. c3 g5 24. Be6 Rc5 25.
Rd1 Kc7 26. Bb3 Be5 27. g3 f4 28. Rd5 Rxd5 29. Bxd5 Rf8 30. Be4 h5 31. Rd2 g4 32.
Rd5 Kb6 33. gxf4 Bxf4 34. Rxh5 gxf3 35. Bxf3 Bc1 36. b3 Ra8 37. Bxa8 1-0

[Event "*** Titled Tuesday Blitz"]
[Site "Chess.com"]
[Date "2019.06.04"]
[Round "6"]
[White "FrenchMonster2002"]
[Black "Vamostodorecto"]
[Result "1-0"]
[WhiteElo "2367"]
[BlackElo "2414"]
[TimeControl "180+2"]
[EndTime "14:17:08 PDT"]
[Termination "FrenchMonster2002 won by resignation"]

1. e4 e5 2. Nf3 Nc6 3. d4 exd4 4. Nxd4 Nf6 5. Nxc6 bxc6 6. Qe2 Qe7 7. Nc3 d5 8. exd5 cxd5 9. Nb5 Ne4 10. f3 c6 11.
fxe4 cxb5 12. exd5 a6 13. Bg5 f6 14. Be3 Bb7 15. O-O-O O-O-O 16. Qg4+ Kb8 17. Bf4+ Ka8 18. d6 Qf7 19. Kb1 g5 20. Bg3 h5 21. Qd4 Bc6 22. Qb6 Qb7 23. Qxd8+ Qb8 24. Qxf6 Bh6 25. d7 1-0

[Event "*** Titled Tuesday Blitz"]
[Site "Chess.com"]
[Date "2019.06.04"]
[Round "6"]
[White "Quiet_Desperation"]
[Black "Everyfishknows"]
[Result "1-0"]
[WhiteElo "2432"]
[BlackElo "2230"]
[TimeControl "180+2"]
[EndTime "14:17:19 PDT"]
[Termination "Quiet_Desperation won by resignation"]

1. e4 e5 2. Nf3 Nc6 3. Bb5 Nf6 4. d3 Bc5 5. c3 O-O 6. O-O d6 7. h3 h6 8. Re1 a6 9. Ba4 b5 10. Bc2 Bb6 11. Nbd2 Re8 12. Nf1 Ne7 13. Ng3 Ng6 14. a4 Bb7 15. Nf5 d5 16. Qe2 c5 17.
Nh2 c4 18. exd5 Nxd5 19. dxc4 Ndf4 20. Bxf4 Nxf4 21. Qg4 Qg5 22. Qxg5 hxg5 23. Nd6 Bxg2 24. Nxe8 Rxe8 25. cxb5 Ba8 26. Be4 Nxh3+ 27. Kg2 Nf4+ 28. Kf3 Nd3 29. Bxa8 Nxe1+ 30. Rxe1 Rxa8 31. Rxe5 Bc7 32. Ng4 Bxe5 33. Nxe5 Kf8 34. b6 Rb8 35. Nd7+ 1-0

[Event "*** Titled Tuesday Blitz"]
[Site "Chess.com"]
[Date "2019.06.04"]
[Round "6"]
[White "ozates"]
[Black "alturas_pacificas"]
[Result "1-0"]
[WhiteElo "2240"]
[BlackElo "2258"]
[TimeControl "180+2"]
[EndTime "14:17:29 PDT"]
[Termination "ozates won by resignation"]

1. e4 e5 2. Nf3 Nf6 3. Nxe5 d6 4. Nf3 Nxe4 5. Nc3 Nf6 6. d4 Bg4 7. Bf4 c6 8. Qd2 Be7 9. O-O-O O-O 10. Bd3 Na6 11. a3 Nc7 12. Kb1 Ncd5 13. Nxd5 Nxd5 14. Bg3 Bh5 15. c4 Nf6 16. Rhe1 Bg6 17. Bxg6 hxg6 18. d5 cxd5 19. cxd5 Nh5 20. Nd4 Bf6 21. Nb5 Nxg3 22.
hxg3 a6 23. Nc3 Bxc3 24. Qxc3 Rc8 25. Qb3 b5 26. Rh1 Qf6 27. g4 Rfe8 28. Qh3 Kf8 29. Rhe1 Kg8 30. Rh1 Kf8 31. Rde1 Rxe1+ 32. Rxe1 Kg8 33.
Rh1 Kf8 34. Qh8+ Ke7 35. Qxc8 Qxf2 36. Qc2 Qd4 37. Re1+ Kd7 38. Qc6+ 1-0

[Event "*** Titled Tuesday Blitz"]
[Site "Chess.com"]
[Date "2019.06.04"]
[Round "6"]
[White "jmduque"]
[Black "cool4chess"]
[Result "0-1"]
[WhiteElo "2371"]
[BlackElo "2354"]
[TimeControl "180+2"]
[EndTime "14:17:30 PDT"]
[Termination "cool4chess won by resignation"]

1. e4 c5 2. Nf3 Nc6 3. d4 cxd4 4. Nxd4 Nf6 5. Nc3 e5 6. Ndb5 d6 7. Bg5 a6 8. Na3 b5 9. Bxf6 gxf6 10. Nd5 f5 11. Bd3 Be6 12. c4 Qa5+ 13. Qd2 Qxd2+ 14. Kxd2 Bh6+ 15. Ke1 Bxd5 16. exd5 Nd4 17. cxb5 e4 18. Bf1 axb5 19. Rd1 b4 20. Rxd4 bxa3 21. b3 Ke7 22. Bb5 Ra5 23. Bc6 Rc5 24. Rc4 Rb8 25. Rxc5 dxc5 26. Kd1 c4 27. Kc2 cxb3+ 28. axb3 Bg7 29.
Kb1 Rxb3+ 30. Ka2 Rd3 31. Rb1 Bb2 32. Re1 Rd2 33. Kb3 Rxf2 34. g4 a2 35. d6+ Kd8 0-1

[Event "*** Titled Tuesday Blitz"]
[Site "Chess.com"]
[Date "2019.06.04"]
[Round "6"]
[White "fm_magua"]
[Black "WPWPWP-2015"]
[Result "1-0"]
[WhiteElo "2497"]
[BlackElo "2443"]
[TimeControl "180+2"]
[EndTime "14:17:32 PDT"]
[Termination "fm_magua won on time"]

1. e4 e5 2. Bc4 Nf6 3. d4 exd4 4. Nf3 Nc6 5. O-O d6 6. Nxd4 Nxd4 7. Qxd4 Be7 8. Nc3 O-O 9. h3 Be6 10. Bf4 Qd7 11. Rad1 Rfe8 12. Bb5 c6 13. Bc4 Bxc4 14. Qxc4 Qc7 15. Rfe1 Rad8 16. Nb5 Qb6 17. Nd4 Nxe4 18. Be3 d5 19. Qe2 Qxb2 20. Rb1 Qxa2 21. Rxb7 c5 22. Nc6 Bf6 23. Nxd8 Rxd8 24. Bxc5 Bc3 25. Qf3 f6 26. Rxe4 Qa1+ 27. Kh2 dxe4 28. Qg4 Be5+ 29. g3 f5 30. Qxf5 Kh8 31. Rd7 Rg8 32. Qxe4 Bf6 33. Rxa7 Qc3 34. Be3 1-0

[Event "*** Titled Tuesday Blitz"]
[Site "Chess.com"]
[Date "2019.06.04"]
[Round "6"]
[White "x-6099009240"]
[Black "akretchetov"]
[Result "0-1"]
[WhiteElo "2338"]
[BlackElo "2366"]
[TimeControl "180+2"]
[EndTime "14:17:37 PDT"]
[Termination "akretchetov won by checkmate"]

1. e4 e5 2. Nf3 Nc6 3. Nc3 Nf6 4. d4 Bb4 5. Nxe5 Qe7 6. Bd3 Nxd4 7. Bf4 d6 8. Nf3 Bg4 9. O-O Nxf3+ 10. gxf3 Bh3 11. Re1 Bxc3 12. bxc3 O-O 13. Bf1 Qe6 14. Bxh3 Qxh3 15. Qd3 Rae8 16. Bg3 h5 17. Qf1 Qd7 18. Bh4 Nh7 19.
Rad1 Qe6 20. Rd5 g6 21. Red1 b6 22. Qg2 Kh8 23. Bg5 Nxg5 24. Qxg5 Kh7 25. Kg2 Kg7 26. Qg3 f6 27. Qh3 Rf7 28. Qxe6 Rxe6 29. Kf1 Re5 30. Ke2 Rxd5 31. Rxd5 Re7 32. Ke3 Kf7 33. Kf4 Ke6 34. h4 Rg7 35. a4 c6 36. Rd4 g5+ 37. Kg3 a5 38. Rc4 c5 39. e5 d5 40. exf6 Kxf6 41.
hxg5+ Rxg5+ 42. Rg4 hxg4 43. fxg4 Re5 44. f4 Re3+ 45.
Kh4 Rxc3 46. Kh5 Rh3# 0-1

[Event "*** Titled Tuesday Blitz"]
[Site "Chess.com"]
[Date "2019.06.04"]
[Round "6"]
[White "LazovT"]
[Black "Supernotar"]
[Result "1-0"]
[WhiteElo "2594"]
[BlackElo "2551"]
[TimeControl "180+2"]
[EndTime "14:17:38 PDT"]
[Termination "LazovT won by resignation"]

1. e4 c6 2. d4 d5 3. e5 Bf5 4. h4 h5 5. c4 e6 6. Nc3 Nd7 7. cxd5 cxd5 8. Bd3 Bxd3 9. Qxd3 Ne7 10. Nf3 Nf5 11. Bg5 Be7 12. O-O-O Rc8 13. Kb1 O-O 14. Nxd5 Bxg5 15. Nxg5 Nb6 16. Ne3 g6 17. Nxf5 exf5 18. d5 Rc5 19. e6 Rxd5 20. exf7+ Kg7 21. Qc3+ Kh6 22. Qc1 f4 23. Ne6 Qd6 24. Nxf8 Qxf8 25. Qxf4+ Kg7 26. Rxd5 Nxd5 27. Qe5+ Nf6 28. Rc1 Qb4 29.
a3 Qf8 30. Rc7 b5 31. Rxa7 b4 32. axb4 Qxb4 33. f8=Q+ Kxf8 34. Qxf6+ 1-0

[Event "*** Titled Tuesday Blitz"]
[Site "Chess.com"]
[Date "2019.06.04"]
[Round "6"]
[White "Joseph_Truelson"]
[Black "Jabberwockiez"]
[Result "1-0"]
[WhiteElo "2290"]
[BlackElo "2245"]
[TimeControl "180+2"]
[EndTime "14:17:45 PDT"]
[Termination "Joseph_Truelson won by checkmate"]

1. d4 Nf6 2. Nc3 e6 3. e4 Bb4 4. e5 Ne4 5. Qg4 Nxc3 6. Qxg7 Rf8 7. Bd2 Nd5 8. c3 Be7 9. Nf3 c5 10. dxc5 Bxc5 11. Ng5 Qb6 12. Nxh7 Bxf2+ 13. Kd1 Bc5 14. b4 Be7 15. Nxf8 Bxf8 16. Qg3 Nc6 17. h4 a5 18. b5 Nce7 19. h5 Nf5 20. Qg8 Nfe3+ 21. Ke1 Nc2+ 22.
Kd1 Nxa1 23. h6 Ne3+ 24. Bxe3 Qxe3 25. h7 Kd8 26. Qxf8+ Kc7 27. Qd6+ Kd8 28. h8=Q# 1-0

[Event "*** Titled Tuesday Blitz"]
[Site "Chess.com"]
[Date "2019.06.04"]
[Round "6"]
[White "vugarrasulov"]
[Black "FedaMaster"]
[Result "1-0"]
[WhiteElo "2773"]
[BlackElo "2567"]
[TimeControl "180+2"]
[EndTime "14:17:47 PDT"]
[Termination "vugarrasulov won by resignation"]

1. d4 Nf6 2. c4 g6 3. Nc3 d5 4. Bg5 Bg7 5. Nf3 O-O 6. e3 c5 7. cxd5 cxd4 8. Nxd4 Nxd5 9. Rc1 Qa5 10. Qa4 Qxa4 11. Nxa4 Bxd4 12. exd4 Nc6 13. Bc4 Nf6 14. d5 Ne5 15. d6 Kg7 16. dxe7 Re8 17. O-O Nxc4 18. Rxc4 b5 19. Rc6 Ne4 20. Bf4 bxa4 21.
f3 g5 22. Be5+ f6 23. Bd4 Nd2 24. Rd1 Nxf3+ 25. gxf3 Kg6 26. Rxf6+ Kh5 27. Re1 Bb7 28. h4 h6 29. hxg5 Rg8 30. Kf2 Kxg5 31. Rg1+ Kh5 32. Rxg8 Rxg8 33. Be3 Bxf3 34. Kxf3 Rg3+ 1-0

[Event "*** Titled Tuesday Blitz"]
[Site "Chess.com"]
[Date "2019.06.04"]
[Round "6"]
[White "maxip32"]
[Black "Mikhail_Golubev"]
[Result "0-1"]
[WhiteElo "2425"]
[BlackElo "2479"]
[TimeControl "180+2"]
[EndTime "14:17:47 PDT"]
[Termination "Mikhail_Golubev won by resignation"]

1. e4 c5 2. Nf3 d6 3. d4 Nf6 4. Nc3 cxd4 5. Nxd4 g6 6. Be3 Bg7 7. f3 O-O 8. Qd2 Nc6 9. g4 h5 10. g5 Nd7 11. h4 Nde5 12. Be2 Nxd4 13. Bxd4 Qa5 14.
O-O-O Be6 15. f4 Bxa2 16. fxe5 dxe5 17. Be3 e6 18. Nb5 Qa4 19. Nc3 Qa5 20. Qd6 Rfc8 21.
Nxa2 Qxa2 22. Qa3 Qxa3 23. bxa3 Bf8 24. Rd3 Rc4 25. Bf3 Rac8 26. Rh2 Rc3 27. Rxc3 Rxc3 28.
Kd2 Rxa3 29. Rh1 Bb4+ 30. Ke2 Rc3 31. Rc1 Ba3 32. Bd2 Rc7 33. Ra1 Bc5 34. Bc3 Bb6 35. Kd3 Rxc3+ 36. Kxc3 Bd4+ 37. Kc4 Bxa1 38. Be2 Kf8 39. Kc5 Ke7 40. Bb5 Bd4+ 41. Kc4 a6 0-1

[Event "*** Titled Tuesday Blitz"]
[Site "Chess.com"]
[Date "2019.06.04"]
[Round "6"]
[White "MFBerna"]
[Black "HanSchut"]
[Result "1-0"]
[WhiteElo "2373"]
[BlackElo "2178"]
[TimeControl "180+2"]
[EndTime "14:17:49 PDT"]
[Termination "MFBerna won by checkmate"]

1. e4 c5 2. Nf3 d6 3. d4 cxd4 4. Nxd4 Nf6 5. Nc3 a6 6. Be2 e5 7. Nb3 Be7 8. O-O Be6 9. f4 Qc7 10. a4 O-O 11. Kh1 Nbd7 12. f5 Bc4 13. a5 Rac8 14.
Be3 Qc6 15. Bd3 d5 16. exd5 Bxd5 17. Nxd5 Nxd5 18. Bd2 N7f6 19. c4 Nb4 20. Bxb4 Bxb4 21. c5 Rcd8 22. Qe2 Rfe8 23. Bc4 Qe4 24. Rad1 Qxe2 25.
Bxe2 Ne4 26. Kg1 Nxc5 27. Nxc5 Bxc5+ 28. Kh1 Bb4 29. Bf3 Rxd1 30. Rxd1 e4 31. Be2 Bxa5 32.
Rd7 b5 33. g4 h6 34. Ra7 Rd8 35. Rxa6 Rd2 36. Bxb5 Bb4 37. Ra8+ Kh7 38. Bc4 Rd7 39. Kg2 Bc5 40. Rc8 Rd2+ 41. Kf1 Rf2+ 42. Ke1 Bd4 43.
Bxf7 h5 44. h4 hxg4 45. Bg6+ Kh6 46. Rh8# 1-0

[Event "*** Titled Tuesday Blitz"]
[Site "Chess.com"]
[Date "2019.06.04"]
[Round "6"]
[White "OglazaOskar2005"]
[Black "Chempiblinka"]
[Result "1-0"]
[WhiteElo "2222"]
[BlackElo "2189"]
[TimeControl "180+2"]
[EndTime "14:17:51 PDT"]
[Termination "OglazaOskar2005 won by checkmate"]

1. e4 Nf6 2. e5 Nd5 3. d4 d6 4. c4 Nb6 5. f4 dxe5 6. fxe5 c5 7. d5 g6 8. Nf3 Bg4 9. Nc3 Bg7 10. Bf4 O-O 11.
h3 Bxf3 12. Qxf3 e6 13. O-O-O N8d7 14. Qe3 Re8 15. d6 Nb8 16. h4 Nc6 17. h5 Nd7 18. hxg6 fxg6 19. Qh3 h5 20. g4 g5 21. gxh5 gxf4 22. Rg1 Kh8 23. Qg4 Bxe5 24. Bd3 Qf6 25. Ne4 Qh6 26. Ng5 f3 27. Kb1 Rf8 28. Nxf3 Rf4 29.
Qh3 Raf8 30. Rg6 Qh7 31. Ng5 Rf2 32. Nxh7 Rxb2+ 33. Kc1 Nb4 34. Bb1 Rff2 35. Rg8+ Kxg8 36. Qxe6+ Kh8 37. Qe8+ Kg7 38. Qxd7+ Kh8 39. Qe8+ Kg7 40. Qxe5+ Kh6 41. Qg5# 1-0

[Event "*** Titled Tuesday Blitz"]
[Site "Chess.com"]
[Date "2019.06.04"]
[Round "6"]
[White "Thee-Chessboy"]
[Black "Poghosyan_Suren"]
[Result "0-1"]
[WhiteElo "2431"]
[BlackElo "2561"]
[TimeControl "180+2"]
[EndTime "14:17:53 PDT"]
[Termination "Poghosyan_Suren won by resignation"]

1. d4 Nf6 2. c4 e5 3. dxe5 Ng4 4.
Nf3 Bc5 5. e3 Nc6 6. a3 a5 7.
Be2 O-O 8. O-O Re8 9. Nc3 Ngxe5 10. b3 Nxf3+ 11. Bxf3 Ne5 12. Be2 Ra6 13. Bb2 Rh6 14. Ne4 Ba7 15. Ng3 d6 16. Bd4 Bb8 17. f4 Nc6 18. h3 Nxd4 19. Qxd4 Qh4 20. Rf3 Bxh3 21.
gxh3 Qxh3 22. Bd3 d5 23. Ra2 dxc4 24. bxc4 Rd6 25. Qc3 Ba7 26. Rg2 Rxe3 27. Bxh7+ Qxh7 28. Rxe3 Rd3 29. Nf5 Rxc3 0-1

[Event "*** Titled Tuesday Blitz"]
[Site "Chess.com"]
[Date "2019.06.04"]
[Round "6"]
[White "GMHess"]
[Black "xamax2000"]
[Result "1-0"]
[WhiteElo "2668"]
[BlackElo "2656"]
[TimeControl "180+2"]
[EndTime "14:17:57 PDT"]
[Termination "GMHess won by checkmate"]

1. b3 d5 2. Bb2 Bg4 3. h3 Bh5 4.
d3 e6 5. Nd2 c5 6. g4 Bg6 7. Bg2 Nc6 8. c4 h5 9. cxd5 exd5 10.
Ngf3 hxg4 11. hxg4 Rxh1+ 12. Bxh1 d4 13. a3 Nf6 14. b4 cxb4 15. axb4 Bxb4 16. Qa4 Qd7 17. Kf1 Nxg4 18. Nb3 Bc3 19. Nc5 Qe7 20. Bxc3 dxc3 21. Nxb7 Qxb7 22. Nd4 Qb2 23. Qxc6+ Ke7 24. Qc7+ Kf6 25.
Qf4+ Ke7 26. Re1 Rh8 27. Nc6+ Ke8 28. Bf3 Nf6 29. Qd6 Qb7 30. Qd8# 1-0

[Event "*** Titled Tuesday Blitz"]
[Site "Chess.com"]
[Date "2019.06.04"]
[Round "6"]
[White "TheRigos"]
[Black "toog"]
[Result "0-1"]
[WhiteElo "2427"]
[BlackElo "2339"]
[TimeControl "180+2"]
[EndTime "14:17:58 PDT"]
[Termination "toog won on time"]

1. e4 c5 2. Nf3 d6 3. d4 cxd4 4.
Nxd4 Nf6 5. Nc3 a6 6. Be2 e6 7. O-O Qc7 8. Be3 b5 9. Bf3 Bb7 10. a3 Nbd7 11. Re1 Ne5 12. Qe2 Be7 13. Rad1 O-O 14.
g3 Nxf3+ 15. Qxf3 Nd7 16. Qh5 g6 17. Qe2 Ne5 18. h4 Rfd8 19. h5 Bf6 20. Bc1 Rac8 21. Kg2 Kg7 22. Rh1 Qb8 23. Bh6+ Kg8 24. Nf3 Qa8 25.
Rde1 Rc4 26. Nd2 Rxc3 27. bxc3 Rc8 28. Qe3 Nc4 29. Nxc4 Rxc4 30. hxg6 Bxe4+ 31. f3 Bxg6 32. Re2 Rxc3 33. Qd2 Qxf3+ 0-1

[Event "*** Titled Tuesday Blitz"]
[Site "Chess.com"]
[Date "2019.06.04"]
[Round "6"]
[White "Aknok"]
[Black "velemajstor767276"]
[Result "0-1"]
[WhiteElo "2415"]
[BlackElo "2530"]
[TimeControl "180+2"]
[EndTime "14:17:59 PDT"]
[Termination "velemajstor767276 won on time"]

1. d4 e6 2. c4 d5 3. Nf3 c6 4.
Nc3 dxc4 5. a4 Bb4 6. e3 b5 7. Bd2 a5 8. Rb1 Bb7 9. axb5 Bxc3 10. bxc3 cxb5 11. Rxb5 Ba6 12. Rb1 Nf6 13. Bxc4 Bxc4 14. Qa4+ Qd7 15. Qxc4 O-O 16. Ne5 Qd6 17. O-O Nbd7 18. Nxd7 Nxd7 19. Rb7 Rfc8 20. Qb5 Nc5 21. Rb6 Qd8 22. c4 Ne4 23. Bxa5 Nd6 24. Rxd6 Qxd6 25. c5 Qa6 26. Qxa6 Rxa6 27. Bb6 Kf8 28. e4 Ra4 29. Rd1 Rca8 30. Kf1 Ra1 31. Rxa1 Rxa1+ 32. Ke2 Ke7 33.
d5 Kd7 34. c6+ Kd6 35. c7 Kd7 36. f4 exd5 37. exd5 Ra6 38. Bd4 f6 39. Kf3 Kxc7 40. g4 Kd6 41. Ke4 Ra4 42. h4 g6 0-1

[Event "*** Titled Tuesday Blitz"]
[Site "Chess.com"]
[Date "2019.06.04"]
[Round "6"]
[White "RojonR"]
[Black "1g41-0"]
[Result "1-0"]
[WhiteElo "2404"]
[BlackElo "2496"]
[TimeControl "180+2"]
[EndTime "14:17:59 PDT"]
[Termination "RojonR won on time"]

1. e4 c5 2. Nf3 d6 3. d4 cxd4 4. Qxd4 Nf6 5. Nc3 h6 6. Be3 Nc6 7. Bb5 Bd7 8. Bxc6 Bxc6 9. O-O-O e5 10. Qc4 Qa5 11. h3 Be7 12. g4 Rc8 13. Qd3 b5 14. Nd2 O-O 15. f3 b4 16. Nb3 Qc7 17. Ne2 Bb5 18. Qd2 a5 19. Ng3 a4 20. Na1 d5 21.
Nf5 dxe4 22. Bxh6 Ne8 23. Bxg7 e3 24. Qxe3 Nxg7 25. Qh6 1-0

[Event "*** Titled Tuesday Blitz"]
[Site "Chess.com"]
[Date "2019.06.04"]
[Round "6"]
[White "pultineviciuspaulius"]
[Black "Ginger_GM"]
[Result "1-0"]
[WhiteElo "2725"]
[BlackElo "2548"]
[TimeControl "180+2"]
[EndTime "14:18:05 PDT"]
[Termination "pultineviciuspaulius won by resignation"]

1. b3 e5 2. Bb2 e4 3. e3 Nf6 4. c4 c6 5. d3 d5 6. dxe4 Nxe4 7. Nf3 Bb4+ 8. Nbd2 Bg4 9. Bc1 Qf6 10. Rb1 O-O 11. Bd3 Rd8 12. cxd5 Nc3 13. Bb2 Rxd5 14. Qc2 Bxf3 15.
gxf3 Nd7 16. a3 Ne5 17. Bxh7+ Kh8 18. axb4 Nxf3+ 19. Nxf3 Qxf3 20. Bxc3 Qxh1+ 21. Ke2 Qxh2 22. Be4 Rh5 23. Rh1 Qxh1 24. Bxh1 Rxh1 25. Qf5 f6 26. Qd7 Rc1 27. Bd4 b6 28. Qb7 Re8 29. Qxa7 c5 30.
bxc5 bxc5 31. Bxc5 Rd8 32. Bd4 Rdc8 33. Qf7 R8c2+ 34.
Kf3 Rf1 35. Qe8+ Kh7 36. Qh5+ Kg8 37. Qd5+ Kh8 38. Qa8+ Kh7 39. Qe4+ 1-0

[Event "*** Titled Tuesday Blitz"]
[Site "Chess.com"]
[Date "2019.06.04"]
[Round "6"]
[White "TheGandhiOfChess"]
[Black "tteshan"]
[Result "1-0"]
[WhiteElo "2393"]
[BlackElo "2242"]
[TimeControl "180+2"]
[EndTime "14:18:08 PDT"]
[Termination "TheGandhiOfChess won by resignation"]

1. Nf3 c5 2. b3 d5 3. Bb2 Nc6 4.
d4 cxd4 5. Nxd4 e6 6. e3 Nf6 7. Be2 Nxd4 8. Qxd4 Be7 9. c4 O-O 10. cxd5 Qxd5 11. O-O Rd8 12. Bf3 Qa5 13. Qc3 Bb4 14. Qe5 Qxe5 15. Bxe5 Nd5 16. Rd1 Ba5 17. Nc3 Nxc3 18.
Bxc3 Rxd1+ 19. Rxd1 Bb6 20. a4 h6 21. a5 Bc7 22.
Bd4 Bxa5 23. Ra1 Bc7 24. Rxa7 Rxa7 25. Bxa7 e5 26. Kf1 f5 27. Bd5+ Kh7 28. Ke2 Kg6 29. b4 Kf6 30. b5 b6 31. Kd3 Ke7 32. Kc4 Kd6 33. e4 f4 34. f3 g5 35. h3 h5 36.
Bf7 Be6+ 37. Bxe6 Kxe6 38. Kb4 Kd7 39. Kc4 Kc8 40. Kd5 Kb7 41. Ke6 Kxa7 42. Kf6 g4 43. fxg4 hxg4 44. hxg4 Kb7 45. g5 Bd8+ 46. Kf5 Bxg5 47. Kxg5 Kc7 48. Kf5 Kd6 49. Kf6 Kc5 50.
Kxe5 Kxb5 51. Kd5 Ka4 52. e5 b5 53. e6 b4 54. e7 b3 55. e8=Q+ 1-0

[Event "*** Titled Tuesday Blitz"]
[Site "Chess.com"]
[Date "2019.06.04"]
[Round "6"]
[White "DenishevM"]
[Black "norwaytoadog"]
[Result "1-0"]
[WhiteElo "2458"]
[BlackElo "2208"]
[TimeControl "180+2"]
[EndTime "14:18:08 PDT"]
[Termination "DenishevM won by resignation"]

1. d4 Nf6 2. c4 e6 3. Nf3 Bb4+ 4.
Bd2 c5 5. Bxb4 cxb4 6. e3 Nc6 7.
Be2 d6 8. O-O O-O 9. a3 bxa3 10.
Nxa3 e5 11. Nb5 e4 12. Nd2 Bf5 13. Qb3 Qe7 14. Qa3 Rfd8 15. b4 h5 16. c5 Ne8 17.
Nc4 dxc5 18. bxc5 Qg5 19. Kh1 Bg4 20. Rae1 Nf6 21. Nbd6 b6 22. Qa4 Ne7 23. Qb5 Ned5 24. Qb2 h4 25. h3 Be6 26. Qc2 bxc5 27. dxc5 Nb4 28. Qa4 Nd3 29. Bxd3 exd3 30. Qa3 Qxc5 31. Qxc5 1-0